 Dungeon Crawl Stone Soup version 0.28-a0-1286-g6bde065e89 (webtiles) character file.

Game seed: 8385909658829656343

11608 ReploidZero the Covert (level 12, -11/76 HPs)
             Began as a Kobold Brigand on Dec 27, 2021.
             Was a Follower of Uskayaw.
             Mangled by a tentacled starspawn (31 damage)
             ... on level 1 of the Abyss.
             The game lasted 00:44:51 (15213 turns).

ReploidZero the Covert (Kobold Brigand)            Turns: 15213, Time: 00:44:52

Health: -11/76     AC:  9    Str:  8      XL:     12   Next: 9%
Magic:  14/18      EV: 21    Int: 11 (14) God:    Uskayaw [*.....]
Gold:   701        SH:  5    Dex: 18      Spells: 9/11 levels left

rFire   + . .      SeeInvis .   f - +4 dagger (speed)
rCold   . . .      Faith    .   (shield restricted)
rNeg    . . .      Spirit   .   b - +0 robe
rPois   .          Reflect  +   (no helmet)
rElec   .          Harm     .   c - +0 cloak
rCorr   .          Rampage  .   k - +0 pair of gloves
Will    +....                   h - +0 pair of boots
Stlth   +++++++...              v - amulet of reflection
HPRegen 0.22/turn               p - ring of protection from fire
MPRegen 0.16/turn               q - +4 ring of protection

@: about to teleport
A: small, no large weapons, nightstalker 3, clumsy 1, strong-willed 1
a: Renounce Religion, Stomp


You were on level 1 of the Abyss.
You worshipped Uskayaw.
Uskayaw was aware of your devotion.
You visited 3 branches of the dungeon, and saw 12 of its levels.
You visited the Abyss 1 time.

You collected 701 gold pieces.

Inventory:

Hand Weapons
 f - a +4 dagger of speed (weapon)
Missiles
 d - 93 poisoned darts
 m - 3 datura-tipped darts (quivered)
 w - a curare-tipped dart
 z - 2 throwing nets
Armour
 b - a +0 robe (worn)
 c - a +0 cloak (worn)
 h - a +0 pair of boots (worn)
 k - a +0 pair of gloves (worn)
Jewellery
 l - a ring of magical power
 p - a ring of protection from fire (left hand)
 q - a +4 ring of protection (right hand)
 v - an amulet of reflection (around neck)
 x - a +6 ring of strength
 F - a ring of fire
 G - a ring of poison resistance
Wands
 a - a wand of mindburst (4)
 n - a wand of acid (15)
 C - a wand of polymorph (4)
 D - a wand of flame (12)
Scrolls
 i - 2 scrolls of enchant weapon
 u - a scroll of teleportation
 y - 2 scrolls of magic mapping
 B - a scroll of identify
Potions
 e - a potion of invisibility
 g - 4 potions of brilliance
 j - a potion of resistance
 r - a potion of haste
 s - a potion of mutation
 A - a potion of flight


   Skills:
 - Level 9.6 Fighting
 - Level 10.0 Short Blades
 - Level 2.1 Throwing
 - Level 10.3 Dodging
 + Level 14.1 Stealth
 + Level 8.1 Invocations


You had 9 spell levels left.
You knew the following spells:

 Your Spells              Type           Power      Damage    Failure   Level
a - Ensorcelled Hibernat  Hex/Ice        0%         N/A       47%         2

Your spell library contained the following spells:

 Spells                   Type           Power      Damage    Failure   Level
 Sting                    Tmut/Pois      0%         1d3       34%         1
 Summon Small Mammal      Summ           0%         N/A       34%         1
 Corpse Rot               Necr/Air       0%         N/A       47%         2
 Poisonous Vapours        Pois/Air       0%         N/A       47%         2
 Call Canine Familiar     Summ           0%         N/A       71%         3
 Spider Form              Tmut/Pois      0%         N/A       71%         3
 Summon Guardian Golem    Hex/Summ       0%         N/A       71%         3
 Airstrike                Air            0%         N/A       98%         4
 Olgreb's Toxic Radiance  Pois           0%         N/A       98%         4
 Summon Lightning Spire   Summ/Air       0%         N/A       98%         4
 Lightning Bolt           Conj/Air       0%         1d11      100%        5


Dungeon Overview and Level Annotations

Branches:
Dungeon (10/15)            Temple (1/1) D:4            Lair (1/6) D:9
    Orc: D:9-12

Altars:
Ashenzari
Cheibriados
Dithmenos
Elyvilon
Fedhas
Gozag
Hepliaklqana
Kikubaaqudgha
Makhleb
Nemelex Xobeh
Okawaru
Qazlal
Ru
Sif Muna
Trog
Uskayaw
Vehumet
Wu Jian
Xom
Yredelemnul
Zin
The Shining One

Shops:
D:1 (*([

Annotations:
D:10 Sonja


Innate Abilities, Weirdness & Mutations

You are small and have problems with some larger weapons.
You are completely attuned to the shadows.
You are clumsy. (Dex -2)
You are strong-willed. (Will+)


Message History

Okay, then.
Unknown command.
Unknown command.
You hit the ynoxinul.
The ynoxinul is heavily wounded.
The ufetubus hits you. The ufetubus completely misses you.
You hit the ynoxinul.
The ynoxinul is severely wounded.
The anaconda skeleton grabs you. The anaconda skeleton bites you.
The anaconda skeleton constricts you. The ynoxinul gestures at you.
The iron shot hits you!
* * * LOW HITPOINT WARNING * * *
Aiming: Line Pass
Press: ? - help, Dir - move target The anaconda skeleton appears confused.
The anaconda skeleton loses its grip on you.
You can no longer pass through a line of other dancers.
You hit the anaconda skeleton.
The anaconda skeleton is lightly damaged.
You hit the anaconda skeleton but do no damage.
The anaconda skeleton is lightly damaged.
The ufetubus misses you. The ufetubus barely misses you.
The anaconda skeleton completely misses you.
Okay, then.
As you read the scroll of teleportation, it crumbles to dust.
You feel strangely unstable.
You feel the power of the Abyss delaying your translocation!
The anaconda skeleton seems less confused.
The anaconda skeleton closely misses you.
The anaconda skeleton completely misses you.
The tentacled starspawn misses you. x2
You hit the ynoxinul.
The ynoxinul is severely wounded.
The anaconda skeleton barely misses you.
The anaconda skeleton completely misses you.
You hit the ynoxinul.
The ynoxinul is severely wounded.
The tentacled starspawn bites you!!
You die...

### # ##
# #.#
#..#
......#
####...#
..##.##
. #Z#..#
#@35###
#X###
....
.....
.......
. .


You could see a tentacled starspawn, a ynoxinul, an ufetubus (summoned) and an
anaconda skeleton.

Vanquished Creatures
  Erolcha (D:9)
  A rakshasa (Abyss:1)
  A two-headed ogre (D:6)
  A cyclops (D:9)
  An elephant (D:9)
  A gargoyle (D:9)
  A cane toad (D:9)
  A harpy zombie (Abyss:1)
  A troll (D:9)
  A hornet (D:7)
  A blink frog (Lair:1)
  2 large abominations (Abyss:1)
  2 wyverns
  Sigmund (D:5)
  8 yaks
  Grum (D:10)
  2 basilisks (D:9)
  A neqoxec (Abyss:1)
  3 vampire mosquitoes (D:8)
  3 water moccasins
  4 orc warriors
  A hornet zombie (D:8)
  2 necrophages
  2 ogres (D:4)
  2 centaurs
  3 wolves
  2 phantoms (D:6)
  2 kobold brigands
  3 small abominations (Abyss:1)
  Blork the orc (D:4)
  2 bullfrogs (D:8)
  A wyvern zombie (D:5)
  2 gnoll sergeants
  A scorpion (D:5)
  15 killer bees
  7 wights
  A howler monkey (D:6)
  2 centaur zombies
  5 hounds
  A jelly (D:5)
  Crazy Yiuf (D:3)
  4 orc priests
  A bullfrog skeleton (D:6)
  A gnoll shaman (D:6)
  5 iguanas
  7 orc wizards
  Robin (D:4)
  2 howler monkey zombies (D:7)
  18 gnolls
  3 adders
  A white imp (Abyss:1)
  An adder skeleton (D:4)
  3 worms
  2 dart slugs
  34 orcs
  6 ball pythons
  6 bats
  8 endoplasms
  3 giant cockroaches
  47 goblins
  32 hobgoblins
  2 jackals (D:3)
  27 kobolds
  3 quokkas
  2 frilled lizards
  A giant cockroach zombie (D:3)
  A jackal zombie (D:3)
  5 rats
320 creatures vanquished.

Vanquished Creatures (others)
  A killer bee (D:10)
  19 plants
20 creatures vanquished.

Grand Total: 340 creatures vanquished

Notes
Turn   | Place    | Note
-------+----------+-------------------------------------------
     0 | D:1      | ReploidZero the Kobold Brigand began the quest for the Orb.
     0 | D:1      | Reached XP level 1. HP: 12/12 MP: 1/1
    82 | D:1      | Reached XP level 2. HP: 7/18 MP: 2/2
   365 | D:1      | Found Loicysk's Antique Weapon Shoppe.
   377 | D:1      | Found Raatumn's Antique Armour Emporium.
   631 | D:1      | Reached XP level 3. HP: 22/22 MP: 3/3
   711 | D:1      | Found Tifudal's General Store.
   877 | D:1      | Found Jeoblacw's Weapon Shop.
   961 | D:1      | Reached skill level 6 in Stealth
  2169 | D:2      | Reached XP level 4. HP: 27/27 MP: 4/4
  2542 | D:3      | Found a basalt altar of Yredelemnul.
  2562 | D:3      | Reached XP level 5. HP: 32/32 MP: 5/5
  2599 | D:3      | Reached skill level 7 in Stealth
  3202 | D:3      | Reached XP level 6. HP: 16/37 MP: 6/6
  3506 | D:3      | Found a runed translucent door.
  3509 | D:3      | Noticed Crazy Yiuf
  3544 | D:3      | Killed Crazy Yiuf
  4474 | D:4      | Noticed an ogre
  4475 | D:4      | Killed an ogre
  4476 | D:4      | Reached skill level 8 in Stealth
  4476 | D:4      | Reached XP level 7. HP: 42/42 MP: 7/7
  4601 | D:4      | Found a staircase to the Ecumenical Temple.
  4670 | D:4      | Noticed Robin
  4731 | D:4      | Killed Robin
  5361 | Temple   | Entered the Ecumenical Temple
  5424 | Temple   | Became a worshipper of Uskayaw the Reveller
  5619 | D:4      | Reached * piety under Uskayaw
  5630 | D:4      | Reached ** piety under Uskayaw
  5638 | D:4      | Reached skill level 5 in Short Blades
  5650 | D:4      | Reached *** piety under Uskayaw
  6616 | D:5      | Entered Level 5 of the Dungeon
  6616 | D:5      | Noticed Sigmund
  6618 | D:5      | Killed Sigmund
  6619 | D:5      | Reached skill level 9 in Stealth
  6619 | D:5      | Reached XP level 8. HP: 48/48 MP: 8/8
  6624 | D:5      | Noticed Blork the orc
  6651 | D:4      | Killed Blork the orc
  7439 | D:5      | Reached skill level 5 in Dodging
  7534 | D:5      | Reached skill level 5 in Fighting
  7534 | D:5      | Reached skill level 10 in Stealth
  7797 | D:5      | Reached skill level 1 in Invocations
  8217 | D:6      | Found a sacrificial altar of Ru.
  8475 | D:6      | Reached XP level 9. HP: 47/54 MP: 10/10
  8890 | D:6      | Reached skill level 11 in Stealth
  9052 | D:6      | Noticed a two-headed ogre
  9055 | D:6      | Killed a two-headed ogre
  9188 | D:6      | Reached **** piety under Uskayaw
  9195 | D:6      | Reached ***** piety under Uskayaw
  9417 | D:7      | Reached skill level 12 in Stealth
  9507 | D:7      | Found a glowing silver altar of Zin.
  9641 | D:7      | Noticed a hornet
  9645 | D:7      | Killed a hornet
  9791 | D:7      | Found a hazy altar of Hepliaklqana.
  9995 | D:7      | Reached XP level 10. HP: 61/61 MP: 12/12
 10022 | D:7      | Learned a level 2 spell: Ensorcelled Hibernation
 10582 | D:8      | Reached skill level 13 in Stealth
 10731 | D:8      | Reached skill level 5 in Invocations
 11025 | D:8      | Reached skill level 14 in Stealth
 11296 | D:8      | Found a shadowy altar of Dithmenos.
 11492 | D:8      | Found an opulent altar of Gozag.
 11593 | D:8      | Found a broken altar of Ashenzari.
 12026 | D:9      | Found a staircase to the Lair.
 12027 | D:9      | Noticed an elephant
 12030 | D:9      | Reached XP level 11. HP: 67/67 MP: 15/15
 12034 | D:9      | Killed an elephant
 12111 | D:9      | Noticed a cyclops
 12118 | D:9      | Killed a cyclops
 12177 | D:9      | Noticed Erolcha
 12179 | D:9      | Killed Erolcha
 12180 | D:9      | Reached skill level 10 in Short Blades
 13456 | D:10     | Entered Level 10 of the Dungeon
 13464 | D:10     | Found a bloodstained altar of Trog.
 13521 | Lair:1   | Entered Level 1 of the Lair of Beasts
 13830 | D:10     | Noticed Grum
 13859 | D:10     | Killed Grum
 14586 | D:10     | Noticed Sonja
 14588 | D:10     | Cast into level 1 of the Abyss (Sonja)
 14661 | Abyss:1  | Noticed a rakshasa
 14672 | Abyss:1  | Killed a rakshasa
 14673 | Abyss:1  | Reached skill level 10 in Dodging
 14673 | Abyss:1  | Reached XP level 12. HP: 29/76 MP: 12/17
 14676 | Abyss:1  | Gained mutation: You are clumsy. (Dex -2) [a neqoxec]
 14677 | Abyss:1  | Gained mutation: You are strong-willed. (Will+) [a neqoxec]
 14793 | Abyss:1  | HP: 5/114 [large abomination (13)]
 14869 | Abyss:1  | Noticed a wretched star
 14884 | Abyss:1  | Noticed a wretched star
 14980 | Abyss:1  | Noticed a tentacled starspawn
 15027 | Abyss:1  | HP: 2/114 [small abomination (12)]
 15213 | Abyss:1  | Mangled by a tentacled starspawn

Illustrated notes

Levels and vault maps discovered:
D:1:      dpeg_arrival_rooms_with_view, layout_basic, serial_shops, shop,
          nicolae_shop_behind_doors, nicolae_shop_overgrown_old_shop,
          nicolae_shop_bloodbath_and_beyond
D:2:      layout_loops_corners
D:3:      layout_basic, lemuel_zombie_altar_yredelemnul, uniq_crazy_yiuf_cottage
D:4:      minmay_goblin_kobold_castle, layout_rooms,
          minmay_temple_entry_offerings, enter_ossuary_3, uniq_robin
D:5:      layout_gridville, dk_vineyard_2, uniq_blork_the_orc, uniq_sigmund
D:6:      layout_basic, hangedman_ru_absence, nicolae_grassy_gnolls
D:7:      layout_basic, nicolae_overflow_hidden_temple,
          nicolae_overflow_crystal_walls
D:8:      nicolae_cairo_tiling_large_dashed, layout_loops_cross,
          nicolae_dithmenos_shadow_blocks, mainiacjoe_overflow_24_doors,
          nicolae_gozag_cash_rules_everything_around_me
D:9:      wad_cavern_with_rooms, layout_loops_ring, david_lair_generic,
          uniq_erolcha
D:10:     layout_rooms, mainiacjoe_overflow_tiny_flanked, uniq_grum, uniq_sonja
Temple:   jpeg_temple_clearing
Lair:1:   layout_gridlike, serial_bayou_shore_a, grunt_megastairs_2,
          lemuel_fruit_tree
Abyss:1:  base: D:3, base: D:3, base:
D:3

Skill      XL: |  1  2  3  4  5  6  7  8  9 10 11 12 |
---------------+-------------------------------------+-----
Short Blades   | 3 4 5 6 7 9 10 | 10.0
Stealth        | 6 7 8 9 10 12 14 | 14.1
Dodging        | 2 3 4 5 6 8 10 | 10.3
Fighting       | 3 4 5 6 7 9 |  9.6
Invocations    | 1 3 5 7 8 |  8.1
Throwing       | |  2.1

Action                   |  1- 3 |  4- 6 |  7- 9 | 10-12 || total
-------------------------+-------+-------+-------+-------++-------
Melee: Dagger            |    91 |   188 |   533 |   735 ||  1547
Throw: Dart              |     5 |     9 |    22 |    11 ||    47
Invok: Line Pass         |       |       |     1 |     8 ||     9
Evoke: Wand              |       |       |     3 |     8 ||    11
  Use: Scroll            |     3 |     4 |     6 |     8 ||    21
       Potion            |       |     3 |     3 |     9 ||    15
 Stab: Sleeping          |    20 |    29 |    33 |    35 ||   117
       Distracted        |     1 |       |     4 |     2 ||     7
       Paralysed         |       |       |     5 |    16 ||    21
       Confused          |       |       |       |     6 ||     6
Armor: Robe              |    13 |    16 |    48 |    60 ||   137
       Skin              |       |       |       |    11 ||    11
Dodge: Dodged            |    22 |    71 |   220 |   321 ||   634
Block: Other             |       |       |       |    48 ||    48
       Reflection        |       |       |       |     1 ||     1

Table legend: (Time is in decaauts)
 A = Elapsed time spent in this place.
 B = Non-inter-level travel time spent in this place.
 C = Inter-level travel time spent in this place.
 D = Time resting spent in this place.
 E = Time spent auto-exploring this place.
 F = Levels seen in this place.
 G = Mean time per level.
                   A        B        C        D        E       F      G
               +--------+--------+--------+--------+--------+-----+--------+
         Total |  14298 |  13896 |    402 |      0 |  11682 |  13 | 1099.8 |
       Dungeon |  13531 |  13144 |    387 |      0 |  11144 |  10 | 1353.1 |
        Temple |    141 |    126 |     15 |      0 |    109 |   1 |  141.0 |
          Lair |    112 |    112 |      0 |      0 |     75 |   1 |  112.0 |
         Abyss |    512 |    512 |      0 |      0 |    353 |   1 |  512.0 |
               +--------+--------+--------+--------+--------+-----+--------+

Top non-repeatable levels by time:
     D:4: 2659 daAuts
     D:3: 1898 daAuts
     D:9: 1618 daAuts
     D:8: 1245 daAuts
     D:6: 1187 daAuts
     D:2: 1173 daAuts
     D:1: 1096 daAuts
     D:7: 1091 daAuts
     D:5: 823 daAuts
    D:10: 737 daAuts
 Abyss:1: 512 daAuts
  Temple: 141 daAuts
  Lair:1: 112 daAuts
